 Dungeon Crawl Stone Soup version 0.28.0-55-gcd9437bce4 (webtiles) character file.

Game seed: 18000897946955068145

12 Atelerd the Digger (level 2, -1/17 HPs)
             Began as an Octopode Earth Elementalist on Jan 1, 2023.
             Slain by a gnoll
             ... wielding a +2 spear of venom
              (8 damage)
             ... on level 2 of the Dungeon.
             The game lasted 00:00:28 (509 turns).

Atelerd the Digger (Octopode Earth Elementalist)     Turns: 509, Time: 00:00:29

Health: -1/17      AC:  1    Str:  7    XL:     2   Next: 33%
Magic:  3/5        EV: 13    Int: 17    God:
Gold:   6          SH:  0    Dex: 12    Spells: 4/5 levels left

rFire   . . .      SeeInvis .   c - +0 dagger
rCold   . . .      Faith    .   (no shield)
rNeg    . . .      Spirit   .   (helmet restricted)
rPois   .          Reflect  .   (no amulet)
rElec   .          Harm     .   (no ring)
rCorr   .          Rampage  .   (no ring)
Will    .....                   (no ring)
Stlth   +++.......              (no ring)
HPRegen 0.05/turn               (no ring)
MPRegen 0.09/turn               (no ring)
                                (no ring)
                                (no ring)

@: lethally poisoned (-1 -> -8)
A: almost no armour, amphibious, 8 rings, camouflage 1, gelatinous body 1,
(nimble swimmer 1), tentacles
a: no special abilities


You were on level 2 of the Dungeon.
You visited 1 branch of the dungeon, and saw 2 of its levels.

You collected 6 gold pieces.

Inventory:

Hand Weapons
 c - a +0 dagger (weapon)
Missiles
 b - 19 stones
Scrolls
 a - a scroll of identify {unknown}
 f - a scroll of teleportation {unknown}
Potions
 d - a potion of curing {unknown}
 e - a potion of lignification {unknown}


   Skills:
 - Level 2.0 Dodging
 + Level 3.0 Stealth
 + Level 2.1 Spellcasting
 + Level 1.1 Transmutations
 + Level 3.4 Earth Magic


You had 4 spell levels left.
You knew the following spells:

 Your Spells              Type           Power      Damage    Failure   Level
a - Sandblast             Erth           26%        2d8       4%          1

Your spell library contained the following spells:

 Spells                   Type           Power      Damage    Failure   Level
 Passwall                 Tmut/Erth      7%         N/A       12%         2
 Stone Arrow              Conj/Erth      14%        3d7       28%         3
 Petrify                  Tmut/Erth      9%         N/A       58%         4


Dungeon Overview and Level Annotations

Branches:
Dungeon (1/15)

Altars:


Innate Abilities, Weirdness & Mutations

You cannot wear most types of armour.
You are amphibious.
You can wear up to eight rings at the same time.
Your skin changes colour to match your surroundings (Stealth+).
Your rubbery body absorbs attacks. (AC +1, EV +1)
((You are camouflaged when in or above water. (Stealth+)))
You have tentacles for arms and can constrict up to eight enemies at once.


Message History

There are monsters nearby!
You can't see any susceptible monsters within range! (Use Z to cast anyway.)
The blast of sand hits the rat.
The rat is heavily wounded.
You hit the rat but do no damage. You grab the rat.
The rat is heavily wounded.
You constrict the rat.
You kill the rat!
You can't see any susceptible monsters within range! (Use Z to cast anyway.)
The blast of sand hits the rat!
You kill the rat!
No target in view!
No target in view!
You can't see any susceptible monsters within range! (Use Z to cast anyway.)
Found a dagger.
No target in view!
Key pressed, stopping explore.
You can't see any susceptible monsters within range! (Use Z to cast anyway.)
A ball python comes into view.
You can't see any susceptible monsters within range! (Use Z to cast anyway.)
A gnoll comes into view. It is wielding a +2 spear of venom.
Found an escape hatch in the ceiling.
The ball python hisses angrily.
A gnoll comes into view. It is wielding a +0 spear.
The gnoll shouts!
You hear a shout!
A gnoll comes into view. It is wielding a +0 halberd of venom.
The gnoll shouts!
There are monsters nearby!
The blast of sand hits the ball python.
The ball python is severely wounded.
You closely miss the ball python. Your grab misses the ball python.
You tentacle-slap the ball python.
You kill the ball python!
There are monsters nearby!
The blast of sand hits the gnoll but does no damage.
The gnoll hits you from afar with a +2 spear of venom!
You are lethally poisoned!
You feel sick. The gnoll barely misses you.
The gnoll hits you with a +2 spear of venom!
You die...

###.......(..##
######
###.............#
#............#####
#....###.###<#
#.... #.#########
#.... #.........#
#... #.........#
#... #.........#
#...@)....#
#....gg...#
#....g....#
#.........#
#.........#
#.....<...#
#.........#
#.........#


You could see 3 gnolls.

Vanquished Creatures
  2 bats
  An endoplasm (D:2)
  2 giant cockroaches (D:1)
  A hobgoblin (D:1)
  2 ball pythons
  3 rats (D:2)
11 creatures vanquished.

Notes
Turn   | Place    | Note
-------+----------+-------------------------------------------
     0 | D:1      | Atelerd the Octopode Earth Elementalist began the quest for
                  | the Orb.
     0 | D:1      | Reached XP level 1. HP: 11/11 MP: 3/3
   203 | D:1      | You fall into a shaft and drop 1 floor!
   392 | D:2      | Reached XP level 2. HP: 17/17 MP: 3/5
   509 | D:2      | Slain by a gnoll

Illustrated notes

Levels and vault maps discovered:
D:1:      saegor_arrival_simple_b, layout_loops_ring
D:2:      layout_basic

Skill      XL: |  1  2 |
---------------+-------+-----
Stealth        | 3 |  3.0
Dodging        | |  2.0
Spellcasting   | |  2.1
Transmutations | |  1.1
Earth Magic    | |  3.4

Action                   || total
-------------------------++-------
Melee: Unarmed           ||     1
       Dagger            ||     4
       Constrict         ||     2
       Punch             ||     1
 Cast: Sandblast         ||    11
Armor: Skin              ||     2
Dodge: Dodged            ||     6
